 Dungeon Crawl Stone Soup version 0.25.0-37-gb73750e0fb (webtiles) character file.

Game seed: 2921774710947354542

5021 wojtek the Blocker (level 10, -26/90 HPs)
             Began as a Minotaur Fighter on July 9, 2020.
             Was a Priest of Makhleb.
             Annihilated by a two-headed ogre
             ... wielding a cursed +0 giant spiked club
              (32 damage)
             ... on level 8 of the Dungeon.
             The game lasted 00:09:01 (7650 turns).

wojtek the Blocker (Minotaur Fighter)               Turns: 7650, Time: 00:09:01

Health: -26/90     AC: 15    Str: 26    XL:     10   Next: 30%
Magic:  15/15      EV:  8    Int:  5    God:    Makhleb [***...]
Gold:   336        SH: 12    Dex: 11    Spells: 9/9 levels left

rFire    . . .     SeeInvis .   a - +0 war axe
rCold    . . .     Gourm    .   c - +0 kite shield
rNeg     . . .     Faith    .   b - +0 scale mail
rPois    .         Spirit   .   (helmet restricted)
rElec    .         Reflect  .   v - +0 cloak
rCorr    .         Harm     .   B - +0 pair of gloves of Jekeraku {Str+3}
MR       .....                  (no boots)
Stlth    ..........             p - amulet of the acrobat
HPRegen  0.25/turn              l - +4 ring of protection
MPRegen  0.14/turn              (no ring)

@: berserk cooldown, slowed, very slow
A: retaliatory headbutt, horns 2
a: Minor Destruction, Lesser Servant of Makhleb, Renounce Religion


You were on level 8 of the Dungeon.
You worshipped Makhleb.
Makhleb was most pleased with you.
You were not hungry.

You visited 2 branches of the dungeon, and saw 10 of its levels.
You also visited: Ossuary.

You collected 535 gold pieces.
You spent 199 gold pieces at shops.

Inventory:

Hand Weapons
 a - a +0 war axe (weapon)
 w - a +0 mace of protection
 x - a cursed -1 mace
 P - a -3 broad axe
Missiles
 j - 30 poisoned darts (quivered)
 o - 6 javelins
 u - 150 stones
Armour
 b - a +0 scale mail (worn)
 c - a +0 kite shield (worn)
 n - a +0 tower shield
 v - a +0 cloak (worn)
 B - the +0 pair of gloves of Jekeraku (worn) {Str+3}
   (You bought it in a shop on level 4 of the Dungeon)

   It affects your strength (+3).
 L - a +0 chain mail
 O - the +1 leather armour of Jihy {MR+ Dex+3, unknown}
   (You found it on level 7 of the Dungeon)

   It affects your dexterity (+3).
   It affects your resistance to hostile enchantments.
Jewellery
 l - a +4 ring of protection (left hand)
 p - an amulet of the acrobat (around neck)
 r - an uncursed ring of positive energy
 s - an uncursed ring of fire
 y - an uncursed amulet of faith
 M - an uncursed amulet of guardian spirit {unknown}
 N - an uncursed amulet of regeneration {unknown}
 R - an uncursed ring of poison resistance {unknown}
Wands
 Q - a wand of flame (13)
Scrolls
 e - 2 scrolls of identify
 g - 5 scrolls of fog
 k - 4 scrolls of teleportation
 m - 4 scrolls of enchant armour
 q - a scroll of blinking {unknown}
 t - a scroll of immolation {unknown}
 z - a scroll of magic mapping {unknown}
 C - 2 scrolls of remove curse
 H - a scroll of enchant weapon {unknown}
Potions
 d - 2 potions of might
 h - 2 potions of curing
 i - 5 potions of haste
 A - 2 potions of mutation {unknown}
 D - a potion of experience {unknown}
 E - 3 potions of degeneration {unknown}
 F - 3 potions of cancellation {unknown}
 G - a potion of stabbing {unknown}
 I - a potion of lignification {unknown}
 J - 3 potions of resistance
Comestibles
 f - 13 rations


   Skills:
 + Level 8.7 Fighting
 - Level 7.0 Axes
 + Level 8.7 Armour
 + Level 8.7 Shields
 * Level 8.5 Invocations


You had 9 spell levels left.
You didn't know any spells.
Your spell library contained the following spells:

 Spells                   Type           Power        Failure   Level  Hunger
 Beastly Appendage        Tmut           #.....       94%         1    ##.....
 Magic Dart               Conj           #...         94%         1    ##.....
 Blink                    Tloc           N/A          98%         2    ###....
 Call Imp                 Summ           #.......     98%         2    ###....
 Slow                     Hex            #.......     98%         2    ###....
 Sticks to Snakes         Tmut           #.......     98%         2    ###....
 Conjure Flame            Conj/Fire      #.......     100%        3    ####...
 Mephitic Cloud           Conj/Pois/Air  #.......     100%        3    ####...
 Spider Form              Tmut/Pois      #.........   100%        3    ####...
 Ice Form                 Ice/Tmut       #.......     100%        4    #####..
 Blade Hands              Tmut           #.........   100%        5    ######.


Dungeon Overview and Level Annotations

Branches:
Dungeon (9/15)             Temple (1/1) D:5         Ossuary (visited)
   Lair: D:8-11         Orc: D:9-12

Altars:
Ashenzari
Cheibriados
Elyvilon
Fedhas
Gozag
Hepliaklqana
Kikubaaqudgha
Makhleb
Nemelex Xobeh
Okawaru
Qazlal
Ru
Sif Muna
Trog
Uskayaw
Vehumet
Xom
Yredelemnul
Zin
The Shining One

Shops:
D:4 [

Annotations:
D:3 3 runed translucent doors, shadizar's ghost, amateur FoFi


Innate Abilities, Weirdness & Mutations

You reflexively headbutt those who attack you in melee.
You have a pair of horns on your head.


Message History

The two-headed ogre is heavily wounded.
You hit the jelly.
Your hands burn!
* * * LOW HITPOINT WARNING * * *
The jelly closely misses you. You block the centaur's attack.
The jelly closely misses you. You furiously retaliate!
You headbutt the jelly!
You kill the jelly!
Makhleb accepts your kill.
You block the two-headed ogre's attack. x2
The centaur hits you but does no damage.
You slice the centaur!!
You kill the centaur!
Makhleb accepts your kill.
You feel better.
You hit the two-headed ogre.
The two-headed ogre hits you with a cursed +0 giant spiked club!!
* * * LOW HITPOINT WARNING * * *
The two-headed ogre hits you but does no damage.
You hit the two-headed ogre but do no damage.
The two-headed ogre is heavily wounded.
The two-headed ogre hits you with a cursed +0 giant spiked club!!
You die...

#.##. #.#..
.#.# . ...## ..
...# ... #..#
.... #.
#..##.....
#..###..)......
#...@O()......
####.)##.#..>.
##..# # #. .#
###...# .##
##...#.#
...##..###.#
###.........#
##....####...#
...#..#......#


You could see a two-headed ogre.

Vanquished Creatures
  Psyche (D:8)
  A wraith (D:7)
  A yak (D:7)
  3 hogs (D:7)
  A human (D:7)
  A wyvern (D:8)
  Menkaure (D:6)
  Edmund (D:6)
  A water moccasin (D:6)
  Duvessa (D:6)
  3 sky beasts
  An ice beast (D:7)
  4 ogres
  6 centaurs
  2 big kobolds (D:7)
  An elf zombie (Ossuary)
  3 bullfrogs
  A scorpion (D:7)
  Dowan (D:6)
  5 killer bees (D:5)
  4 crimson imps
  6 howler monkeys
  A human zombie (Ossuary)
  2 bullfrog zombies
  Crazy Yiuf (D:3)
  2 hounds
  3 centaur skeletons
  An orc priest (D:3)
  A bullfrog skeleton (D:4)
  4 jellies
  6 orc wizards
  2 worker ants
  A big kobold zombie (Ossuary)
  4 mummies (Ossuary)
  A hound zombie (Ossuary)
  2 hound skeletons
  Robin (D:4)
  4 gnolls
  10 adders
  A howler monkey skeleton (D:5)
  An adder zombie (Ossuary)
  2 adder skeletons
  3 worms
  A dart slug (D:1)
  6 leopard geckos
  15 orcs
  10 bats
  4 giant cockroaches
  16 goblins
  11 hobgoblins
  15 jackals
  22 kobolds
  3 quokkas
  2 ball pythons (D:3)
  4 frilled lizards
  A goblin zombie (Ossuary)
  4 hobgoblin zombies (Ossuary)
  2 leopard gecko skeletons
  A quokka skeleton (D:5)
  11 rats
  2 rat zombies (Ossuary)
232 creatures vanquished.

Vanquished Creatures (others)
  A jackal (D:6)
1 creature vanquished.

Grand Total: 233 creatures vanquished

Notes
Turn   | Place    | Note
-------+----------+-------------------------------------------
     0 | D:1      | wojtek the Minotaur Fighter began the quest for the Orb.
     0 | D:1      | Reached XP level 1. HP: 19/19 MP: 0/0
   185 | D:1      | Reached XP level 2. HP: 18/26 MP: 1/1
   926 | D:1      | Reached XP level 3. HP: 29/31 MP: 2/2
  1348 | D:2      | Reached skill level 5 in Axes
  1454 | D:2      | Reached XP level 4. HP: 39/39 MP: 3/3
  2089 | D:2      | Reached XP level 5. HP: 16/45 MP: 4/4
  2633 | D:3      | Found a runed translucent gate.
  2633 | D:3      | Found a runed translucent gate.
  2633 | D:3      | Found a runed translucent gate.
  2634 | D:3      | Noticed shadizar's ghost (amateur FoFi)
  3058 | D:3      | Reached XP level 6. HP: 52/52 MP: 5/5
  3163 | D:3      | Found a runed translucent door.
  3164 | D:3      | Noticed Crazy Yiuf
  3170 | D:3      | Killed Crazy Yiuf
  3763 | D:4      | Noticed Robin
  3775 | D:4      | Killed Robin
  3841 | D:4      | Found Ejeusuod's Antique Armour Boutique.
  3856 | D:4      | Bought a pair of pitted gloves for 199 gold pieces
  3861 | D:4      | Identified the cursed +0 pair of gloves of Jekeraku {Str+3}
                  | (You bought it in a shop on level 4 of the Dungeon)
  4072 | D:5      | Entered Level 5 of the Dungeon
  4073 | D:5      | Found a shattered altar of Ashenzari.
  4084 | D:5      | Found a staircase to the Ecumenical Temple.
  4108 | Temple   | Entered the Ecumenical Temple
  4205 | Temple   | Became a worshipper of Makhleb the Destroyer
  4239 | D:5      | Found a sand-covered staircase.
  4251 | Ossuary  | Entered an ossuary
  4267 | Ossuary  | Reached XP level 7. HP: 47/60 MP: 6/6
  4268 | Ossuary  | Reached skill level 5 in Shields
  4268 | Ossuary  | Reached skill level 1 in Invocations
  4279 | Ossuary  | Reached skill level 5 in Fighting
  4279 | Ossuary  | Reached skill level 5 in Armour
  4648 | D:5      | Found a hide-covered altar of Uskayaw.
  4686 | D:5      | Reached * piety under Makhleb
  4691 | D:5      | Reached XP level 8. HP: 28/70 MP: 9/9
  5564 | D:6      | Noticed Edmund
  5569 | D:6      | Noticed Dowan
  5579 | D:6      | Killed Edmund
  5582 | D:6      | Killed Dowan
  5604 | D:6      | Noticed Duvessa
  5622 | D:6      | Killed Duvessa
  5622 | D:6      | Reached skill level 5 in Invocations
  5872 | D:6      | You fall into a shaft and drop 3 floors!
  6034 | D:6      | Noticed Menkaure
  6047 | D:6      | Reached XP level 9. HP: 25/78 MP: 12/12
  6049 | D:6      | Killed Menkaure
  6049 | D:6      | Reached ** piety under Makhleb
  6903 | D:7      | Got a masterwork leather armour
  6999 | D:7      | Reached *** piety under Makhleb
  7359 | D:7      | Reached XP level 10. HP: 86/88 MP: 14/14
  7618 | D:8      | Noticed Psyche
  7633 | D:8      | Killed Psyche
  7640 | D:8      | Noticed a two-headed ogre
  7650 | D:8      | Annihilated by a two-headed ogre

Illustrated notes

Levels and vault maps discovered:
D:1:      dpeg_arrival_rooms_with_view, layout_basic, minmay_heptomino_h4
D:2:      layout_basic, first_ration, minivault_14, minmay_circle_x
D:3:      layout_basic, gammafunk_ghost_necromancy, uniq_crazy_yiuf_cottage
D:4:      layout_basic, serial_shops, shop, uniq_robin
D:5:      layout_rooms, eat_drink_and_be_merry_uskayaw,
          minmay_temple_entry_sparse_star, nicolae_ossuary_entry_monument,
          ashenzari_altar_1
D:6:      layout_rooms, uniq_edmund, uniq_menkaure, uniq_duvessa
D:7:      minmay_chambers_of_fours, layout_loops_cross, grunt_livestock
D:8:      layout_rooms, special_room [special_room_orc], nicolae_elemental_shop,
          uniq_psyche
D:9:      layout_roguey
Temple:   roderic_octagonal_lattice_temple

Skill      XL: |  1  2  3  4  5  6  7  8  9 10 |
---------------+-------------------------------+-----
Axes           | 3 4 5 6 7 |  7.0
Armour         | 4 5 6 8 |  8.7
Fighting       | 4 5 6 8 |  8.7
Shields        | 4 5 7 8 |  8.7
Invocations    | 3 5 7 8 |  8.5

Action                   |  1- 3 |  4- 6 |  7- 9 | 10-12 || total
-------------------------+-------+-------+-------+-------++-------
Melee: War axe           |    95 |   191 |   344 |    62 ||   692
       Headbutt          |     9 |    29 |    63 |    19 ||   120
  Use: Potion            |       |       |     4 |       ||     4
       Scroll            |       |       |       |     5 ||     5
  Eat: Chunk             |     2 |     9 |     7 |     1 ||    19
       Ration            |       |       |     1 |       ||     1
Armor: Scale mail        |    65 |    83 |   131 |    31 ||   310
Dodge: Dodged            |    46 |    59 |   110 |    23 ||   238
Block: Kite shield       |    48 |   106 |   197 |    50 ||   401
